 Dungeon Crawl Stone Soup version 0.28.0-53-g5a82cb258f (webtiles) character file.

Game seed: 10621371285942152980

68 DemonSlayer the Firebug (level 4, 0/34 HPs)
             Began as a Demonspawn Fire Elementalist on Aug 8, 2022.
             Hit by a boomerang thrown by an orc warrior (12 damage)
             ... on level 3 of the Dungeon.
             The game lasted 00:04:06 (1716 turns).

DemonSlayer the Firebug (DsFE)                      Turns: 1716, Time: 00:04:06

Health: 0/34       AC:  2    Str:  8    XL:     4   Next: 1%
Magic:  7/7        EV: 12    Int: 18    God:
Gold:   79         SH:  0    Dex: 14    Spells: 2/8 levels left

rFire   + . .      SeeInvis .   j - +3 mace of Gallantry {elec, rF+ rCorr}
rCold   . . .      Faith    .   (no shield)
rNeg    . . .      Spirit   .   a - +0 robe
rPois   .          Reflect  .   (no helmet)
rElec   .          Harm     .   (no cloak)
rCorr   +          Rampage  .   (no gloves)
Will    .....                   (no boots)
Stlth   ++........              c - amulet of magic regeneration
HPRegen 0.11/turn               (no ring)
MPRegen 0.50/turn               (no ring)

@: no status effects
A: claws 1, spiny 1, robust 1, MP-powered wands
a: no special abilities


You were on level 3 of the Dungeon.
You visited 1 branch of the dungeon, and saw 3 of its levels.

You collected 79 gold pieces.

Inventory:

Hand Weapons
 d - a +0 dagger of venom
 j - the +3 mace of Gallantry (weapon) {elec, rF+ rCorr}
   (You found it on level 3 of the Dungeon)

   It occasionally discharges a powerful burst of electricity upon striking a
   foe.
   rF:        It protects you from fire.
   rCorr:     It protects you from acid and corrosion.
Armour
 a - a +0 robe (worn)
Jewellery
 c - an amulet of magic regeneration (around neck)
Scrolls
 f - 5 scrolls of identify {unknown}
 h - a scroll of teleportation {unknown}
 i - a scroll of brand weapon {unknown}
Potions
 e - a potion of curing {unknown}
 g - a potion of ambrosia {unknown}


   Skills:
 + Level 0.9 Fighting
 + Level 0.2 Short Blades
 + Level 1.9 Dodging
 + Level 2.0 Stealth
 + Level 0.3 Unarmed Combat
 + Level 2.6 Spellcasting
 + Level 1.8 Conjurations
 + Level 3.2 Fire Magic


You had 2 spell levels left.
You knew the following spells:

 Your Spells              Type           Power      Damage    Failure   Level
a - Foxfire               Conj/Fire      44%        2x1d6     6%          1
b - Scorch                Fire           26%        2d6       7%          2
c - Conjure Flame         Conj/Fire      11%        6-21      19%         3

Your spell library contained the following spells:

 Spells                   Type           Power      Damage    Failure   Level
 Inner Flame              Hex/Fire       8%         N/A       26%         3
 Dazzling Flash           Conj/Hex       10%        N/A       34%         3
 Flame Wave               Conj/Fire      11%        2d5       52%         4
 Iskenderun's Mystic Bla  Conj/Tloc      5%         2d3       75%         4
 Starburst                Conj/Fire      5%         6d4       100%        6


Dungeon Overview and Level Annotations

Branches:
Dungeon (3/15)

Altars:
Fedhas


Innate Abilities, Weirdness & Mutations

You have sharp fingernails.
You are partially covered in sharp spines.
You are robust. (+10% HP)
You expend magic power (3 MP) to strengthen your wands.


Message History

j - the +3 mace of Gallantry {elec, rF+ rCorr} Setting a skill training target for Maces & Flails at 14.0.
No target in view!
The helpless endoplasm fails to defend itself.
You hit the endoplasm.
The endoplasm is poisoned.
The endoplasm is almost dead.
The endoplasm freezes you.
You are frozen.
Your +0 dagger of venom stops dripping with poison.
You hear the crackle of electricity.
j - the +3 mace of Gallantry (weapon)
{elec, rF+ rCorr} You hit the endoplasm.
Lightning courses through the endoplasm!
You kill the endoplasm!
You have reached level 4!
You feel agile.
HP restored.
You open the door.
There is an open door here.
An orc warrior comes into view. It is wielding a +0 war axe.
The orc warrior shouts!
You hear a shout! x3
An orc comes into view. It is wielding a +0 war axe.
The orc warrior throws a boomerang.
The boomerang hits you.
There are monsters nearby!
There are monsters nearby!
There are monsters nearby!
There is an open door here.
The orc warrior throws a boomerang.
The boomerang misses you.
The orc warrior throws a boomerang.
The boomerang hits you.
You conjure some foxfire!
The orc warrior throws a boomerang.
The boomerang hits you!
You are too injured to fight recklessly!
You are too injured to fight recklessly!
Your foxfire dissipates!
The foxfire hits the orc warrior but does no damage.
It was a potion of mutation.
You feel extremely strange.
You feel your magical essence link to the dungeon's wands.
You feel robust.
The orc warrior throws a boomerang.
The boomerang hits you!
You die...

## .. #. ##+## #. ##...######
#. ##.......... ##.##
##...........
#####...####...§§....≈≈≈
...........'..§......≈≈≈≈≈≈≈.
#####...####.o..@.........≈≈.
##.## ##.............≈≈. #.
##......####..≈≈.
o..#######...#....#..≈≈.
##.#.........##.._.#..≈≈.
###.#######.##....#.....
#..............
#<###.####..... #....# #.#
##.


You could see an orc warrior.

Vanquished Creatures
  2 adders (D:2)
  A dart slug (D:1)
  2 endoplasms
  4 giant cockroaches
  5 goblins
  6 hobgoblins
  7 jackals (D:1)
  A quokka (D:2)
  4 ball pythons
  3 bats
  2 frilled lizards
  4 kobolds
  2 rats
43 creatures vanquished.

Vanquished Creatures (others)
  155 foxfires
155 creatures vanquished.

Grand Total: 198 creatures vanquished

Notes
Turn   | Place    | Note
-------+----------+-------------------------------------------
     0 | D:1      | DemonSlayer the Demonspawn Fire Elementalist began the
                  | quest for the Orb.
     0 | D:1      | Reached XP level 1. HP: 13/13 MP: 3/3
   457 | D:1      | Gained mutation: You are partially covered in sharp spines.
                  | [demonic ancestry]
   457 | D:1      | Reached XP level 2. HP: 17/19 MP: 1/5
   461 | D:1      | Reached skill level 3 in Fire Magic
   464 | D:1      | Learned a level 2 spell: Scorch
   738 | D:1      | Gained mutation: You have sharp fingernails. [demonic
                  | ancestry]
   738 | D:1      | Reached XP level 3. HP: 24/24 MP: 4/6
   976 | D:1      | Learned a level 3 spell: Conjure Flame
  1003 | D:2      | Found a faded altar of an unknown god.
  1632 | D:3      | Found a blossoming altar of Fedhas.
  1646 | D:3      | Identified the +3 mace of Gallantry {elec, rF+ rCorr}
  1655 | D:3      | Reached XP level 4. HP: 26/31 MP: 7/7
  1704 | D:3      | Noticed an orc warrior
  1716 | D:3      | Gained mutation: You expend magic power (3 MP) to
                  | strengthen your wands. [potion of mutation]
  1716 | D:3      | Gained mutation: You are robust. (+10% HP) [potion of
                  | mutation]
  1716 | D:3      | Hit by a boomerang thrown by an orc warrior

Illustrated notes

Levels and vault maps discovered:
D:1:      psy_arrival_dodecagon, layout_loops_cross
D:2:      layout_loops_ring, hellmonk_ecumenical_altar_pennies_from_heaven,
          hangedman_decor_clover_reticule, kennysheep_crisscross
D:3:      layout_loops_corners, nicolae_elyvilon_temple_path,
          mainiacjoe_overflow_chevrons

Skill      XL: |  1  2 |
---------------+-------+-----
Fire Magic     | 3 |  3.2
Stealth        | 2 |  2.0
Fighting       | |  0.9
Short Blades   | |  0.2
Dodging        | |  1.9
Unarmed Combat | |  0.3
Spellcasting   | |  2.6
Conjurations   | |  1.8

Action                   |  1- 3 |  4- 6 || total
-------------------------+-------+-------++-------
Melee: Unarmed           |     9 |       ||     9
       Dagger            |    14 |       ||    14
       Mace              |     1 |       ||     1
 Cast: Foxfire           |   101 |     1 ||   102
  Use: Potion            |       |     1 ||     1
 Stab: Sleeping          |     4 |       ||     4
Armor: Robe              |    12 |       ||    12
Dodge: Dodged            |    24 |     1 ||    25
